Map: Moondance

Players

Has

  • Race: Protoss Protoss
  • Spawn Location: 12:00

ByuN - Winner!

  • Race: Terran Terran
  • Spawn Location: 6:00

Event: DreamHack SC2 Masters 2022 Atlanta (Offline)

VOD

Have the link to the VOD?

Description

Time

  • Played on: Nov. 18, 2022, 5:42 p.m.
  • Length: 10:53

All games in this series

Show
View Real Time Build Order
Export as new Build Order

Has Protoss 

Build Orders: 1 Gate Expand, Blink Stalkers 

Get SALT Encoding   

  12  0:00  Probe  
  13  0:12  Probe  
  14  0:17  Pylon  
  14  0:24  Probe (Chrono Boost)  
  16  0:36  Gateway  
  16  0:37  Probe (Chrono Boost)  
  16  0:42  Probe (Chrono Boost)  
  16  0:47  Assimilator  
  17  0:51  Probe  
  18  1:04  Probe  
  19  1:16  Probe  
  20  1:22  Nexus  
  20  1:31  Cybernetics Core  
  20  1:34  Probe  
  20  1:39  Assimilator  
  21  1:46  Pylon  
  21  1:49  Probe  
  22  2:01  Probe  
  22  2:04  Stalker (Chrono Boost)  
  22  2:08  Warp Gate  
  25  2:13  Probe  
  26  2:26  Twilight Council, Probe (Chrono Boost)  
  27  2:33  Stalker  
  27  2:35  Probe (Chrono Boost)  
  30  2:38  Probe (Chrono Boost)  
  32  2:45  Probe x2 (Chrono Boost)  
  32  2:50  Probe (Chrono Boost)  
  33  2:53  Probe  
  33  2:55  Blink (Chrono Boost)  
  34  3:06  Gateway  
  34  3:08  Probe  
  34  3:09  Probe  
  36  3:17  Shield Battery  
  36  3:20  Probe  
  36  3:21  Probe  
  36  3:25  Pylon  
  39  3:41  Nexus  
  38  3:43  Probe  
  38  3:45  Probe  
  40  3:53  Forge  
  41  4:02  Robotics Facility  
  41  4:04  Stalker  
  41  4:06  Stalker  
  41  4:07  Probe  
  45  4:10  Probe  
  46  4:19  Probe  
  46  4:22  Protoss Ground Weapons Level 1 (Chrono Boost)  
  46  4:23  Probe  
  48  4:28  Pylon, Stalker  
  48  4:29  Stalker  
  52  4:31  Probe  
  52  4:35  Probe  
  53  4:41  Pylon  
  53  4:44  Probe  
  54  4:47  Probe  
  54  4:49  Observer (Chrono Boost)  
  56  4:55  Gateway  
  56  4:56  Gateway  
  56  4:58  Gateway  
  58  5:04  Gateway  
  58  5:05  Gateway  
  58  5:06  Charge (Chrono Boost)  
  56  5:11  Probe  
  56  5:13  Probe  
  58  5:18  Stalker  
  58  5:19  Stalker  
  58  5:20  Probe  
  63  5:25  Warp Prism (Chrono Boost)  
  63  5:34  Probe  
  66  5:36  Gateway  
  66  5:43  Probe x2  
  66  5:44  Zealot x2  
  66  5:45  Pylon  
  72  5:53  Probe  
  72  5:55  Probe  
  74  5:58  Zealot  
  74  5:59  Zealot  
  74  6:01  Observer  
  79  6:05  Nexus  
  79  6:07  Probe, Pylon  
  79  6:10  Gateway  
  80  6:23  Stalker x4  
  88  6:28  Probe x2  
  88  6:29  Probe  
  88  6:32  Pylon  
  91  6:33  Pylon  
  90  6:49  Zealot x5  
  90  6:53  Forge  
  100  6:54  Protoss Ground Weapons Level 2 (Chrono Boost)  
  100  6:57  Pylon  
  100  6:59  Probe  
  101  7:01  Pylon  
  101  7:03  Pylon  
  101  7:07  Observer  
  99  7:15  Zealot x4  
  99  7:16  Zealot x3  
  99  7:19  Pylon  
  113  7:30  Probe  
  113  7:32  Stalker x2  
  113  7:34  Probe x2  
  113  7:36  Probe, Photon Cannon  
  121  7:38  Sentry, Zealot x2  
  127  7:47  Gateway  
  127  7:48  Gateway  
  127  7:49  Stalker  
  127  7:50  Zealot  
  131  7:52  Zealot x2  
  131  7:56  Probe x3  
  131  7:57  Probe  
  131  8:09  Zealot x2  
  131  8:11  Probe x3, Zealot x2  
  142  8:13  Probe  
  142  8:17  Robotics Bay  
  143  8:23  Probe x2  
  143  8:24  Probe  
  145  8:31  Probe  
  146  8:35  Probe  
  146  8:41  Assimilator  
  147  8:42  Assimilator  
  147  8:49  Probe  
  147  8:52  Pylon  
  147  8:54  Pylon  
  147  8:55  Pylon  
  148  8:59  Zealot x8  
  163  9:05  Shield Battery  
  163  9:09  Photon Cannon, Shield Battery  
  162  9:11  Probe x2  
  162  9:15  Robotics Facility  
  164  9:22  Colossus (Chrono Boost)  
  170  9:30  Zealot x4  
  170  9:31  Nexus  
  172  9:38  Zealot  
  172  9:39  Zealot x3  
  172  9:44  Zealot  
  160  9:47  Probe x2  
  160  9:48  Probe x2  
  136  9:55  Stalker x3  
  136  9:59  Probe x2  
  119  10:00  Zealot  
  119  10:05  Zealot x4  
  119  10:06  Probe x2  
  124  10:23  Pylon  
  124  10:26  Pylon  
  124  10:29  Probe  
  113  10:45  Zealot x4  
  95  10:50  Zealot  
Show
View Real Time Build Order
Export as new Build Order

ByuN Terran - Winner!

Build Orders:  

Get SALT Encoding   

  12  0:00  SCV  
  13  0:12  SCV  
  14  0:16  Supply Depot  
  14  0:24  SCV  
  15  0:38  SCV  
  15  0:39  Barracks  
  15  0:42  Refinery  
  16  0:50  SCV  
  16  0:52  Refinery  
  17  1:02  SCV  
  18  1:14  SCV  
  19  1:25  Reaper  
  20  1:26  Orbital Command  
  20  1:28  Supply Depot  
  20  1:40  Factory  
  20  1:52  SCV  
  21  1:58  Barracks Reactor  
  21  2:04  SCV  
  22  2:16  SCV  
  22  2:19  Command Center  
  23  2:24  Widow Mine  
  23  2:28  SCV  
  26  2:35  Starport  
  26  2:40  SCV  
  27  2:45  Supply Depot  
  27  2:50  Widow Mine  
  27  2:51  Marine  
  30  2:52  SCV  
  31  3:07  SCV  
  31  3:09  Marine x2  
  31  3:11  Factory Tech Lab, Medivac  
  36  3:19  SCV  
  37  3:27  Marine x2  
  37  3:31  SCV  
  40  3:40  Factory Tech Lab  
  40  3:43  Barracks, SCV  
  40  3:46  Marine x2  
  43  3:48  Raven  
  43  3:53  Orbital Command  
  46  3:55  SCV  
  46  4:03  Supply Depot  
  46  4:05  Siege Tank  
  46  4:09  SCV  
  50  4:14  Marine x2  
  52  4:20  SCV  
  52  4:21  SCV  
  54  4:26  Engineering Bay  
  54  4:31  Marine  
  54  4:32  Marine  
  54  4:33  SCV  
  54  4:34  SCV  
  61  4:42  Stimpack  
  61  4:43  Marine  
  61  4:45  Barracks  
  59  4:47  SCV  
  59  4:48  SCV  
  59  4:50  Starport Reactor  
  59  4:51  Supply Depot, Factory Reactor  
  61  4:53  Marine  
  62  5:00  Supply Depot  
  62  5:05  Marine, Terran Infantry Weapons Level 1, SCV x2  
  62  5:06  Refinery  
  65  5:12  Marine x2  
  67  5:17  SCV x2  
  69  5:23  Supply Depot, Marine  
  69  5:28  Widow Mine x2  
  74  5:30  SCV x2  
  74  5:35  Marauder, Combat Shield  
  78  5:36  Marauder  
  78  5:39  Marine  
  78  5:41  Marine  
  83  5:47  SCV x2  
  83  5:49  Supply Depot  
  84  5:55  Medivac  
  84  5:57  Marine, Medivac  
  86  5:59  Marine  
  86  6:00  Supply Depot  
  86  6:02  Marauder  
  86  6:04  Marauder  
  93  6:09  SCV  
  93  6:10  SCV  
  95  6:12  Supply Depot  
  95  6:15  Widow Mine x2  
  99  6:22  Concussive Shells  
  99  6:23  Marine x2  
  99  6:24  Marauder  
  99  6:25  Marauder  
  105  6:34  Command Center  
  105  6:41  SCV  
  105  6:42  SCV  
  105  6:49  Marauder x2  
  105  6:54  Supply Depot, SCV  
  110  7:02  Supply Depot  
  110  7:03  Supply Depot  
  110  7:06  SCV x2  
  104  7:17  Marauder x2  
  104  7:18  Marine x2, SCV x2  
  112  7:25  Medivac x2  
  115  7:30  Supply Depot  
  115  7:31  Barracks  
  115  7:33  Barracks  
  115  7:34  SCV x2  
  117  7:38  Supply Depot  
  117  7:43  Marine, Marauder x2  
  116  7:44  Refinery  
  116  7:45  Marine  
  116  7:48  SCV x2  
  120  7:55  Orbital Command  
  119  8:00  SCV x2  
  119  8:01  Marine  
  122  8:07  Marauder  
  122  8:10  Marauder  
  126  8:13  SCV x2  
  126  8:14  Marine  
  126  8:15  Widow Mine  
  126  8:18  Widow Mine  
  126  8:19  Marine  
  134  8:24  Medivac x2  
  134  8:25  Barracks Tech Lab, Barracks Reactor  
  139  8:30  Missile Turret, Supply Depot, Terran Infantry Armor Level 1  
  138  8:36  Marauder x2  
  138  8:37  Marine x2  
  146  8:47  Widow Mine  
  146  8:48  Widow Mine  
  148  8:50  Refinery  
  148  8:51  Supply Depot  
  148  8:52  Supply Depot  
  148  8:54  Marauder, Medivac x2  
  154  8:55  SCV x2  
  154  8:56  SCV  
  157  9:04  Marine x3, Marauder x2  
  164  9:11  Ghost Academy  
  164  9:16  Marauder  
  166  9:18  Marine  
  166  9:19  Widow Mine  
  166  9:21  Widow Mine  
  166  9:24  Medivac x2  
  171  9:25  Marine  
  171  9:26  Marauder x2  
  171  9:29  Supply Depot x2  
  178  9:35  SCV x2  
  180  9:40  Marine  
  180  9:44  Marauder  
  181  9:48  Widow Mine  
  181  9:50  Marauder  
  181  9:51  Marauder  
  173  9:54  Medivac  
  173  9:55  Marine x2  
  173  9:59  Widow Mine  
  170  10:05  Marauder  
  163  10:10  Medivac  
  163  10:12  Marauder  
  157  10:18  Marauder  
  157  10:19  Marine x3  
  159  10:21  Widow Mine  
  159  10:22  Widow Mine  
  159  10:26  Armory, Engineering Bay  
  165  10:31  SCV x2  
  165  10:32  SCV  
Tags
 
Add a new tag
Caveats
  • Supply blocks, unpowered buildings, or Contaminate may cause inaccurate times.
  • Supply counts are checked every 10 seconds.